 Dungeon Crawl Stone Soup version 0.25.0-9-g26727b657a (webtiles) character file.

Game seed: 18075100124297393463

557 Lanoc the Frost Mage (level 7, -22/46 HPs)
             Began as a Merfolk Ice Elementalist on June 17, 2020.
             Was a Follower of Cheibriados.
             Annihilated by a shadow (32 damage)
             ... on level 6 of the Dungeon.
             The game lasted 00:06:24 (4902 turns).

Lanoc the Frost Mage (Merfolk Ice Elementalist)     Turns: 4902, Time: 00:06:24

Health: -22/46     AC:  3    Str:  9 (11) XL:     7   Next: 30%
Magic:  8/10       EV: 15    Int: 18      God:    Cheibriados [*.....]
Gold:   199        SH:  0    Dex: 14 (16) Spells: 3/10 levels left

rFire    . . .     SeeInvis .   r - +0 spear
rCold    . . .     Gourm    .   (no shield)
rNeg     . . .     Faith    .   d - +0 robe
rPois    .         Spirit   .   (no helmet)
rElec    .         Reflect  .   i - +0 cloak
rCorr    .         Harm     .   (no gloves)
MR       .....                  (no boots)
Stlth    ++........             (no amulet)
HPRegen  0.15/turn              (no ring)
MPRegen  0.12/turn              (no ring)

@: frozen ramparts, very slightly contaminated, hasted, lightly drained,
invisible, quick
A: change form in water, swift swim, stealthy swim
a: Bend Time, Renounce Religion


You were on level 6 of the Dungeon.
You worshipped Cheibriados.
Cheibriados was aware of your devotion.
You were not hungry.

You visited 1 branch of the dungeon, and saw 6 of its levels.

You collected 199 gold pieces.

Inventory:

Hand Weapons
 r - a +0 spear (weapon)
Armour
 d - a +0 robe (worn)
 i - a +0 cloak (worn)
Wands
 a - a wand of acid (8)
 b - a wand of paralysis (8)
 f - a wand of polymorph (17)
 p - a wand of digging (4)
Scrolls
 e - a scroll of magic mapping {unknown}
 g - a scroll of remove curse
 h - a scroll of enchant armour {unknown}
 j - 3 scrolls of teleportation {unknown}
 k - 5 scrolls of identify {unknown}
 l - 2 scrolls of fog {unknown}
 n - a scroll of enchant weapon {unknown}
 o - a scroll of blinking {unknown}
 q - a scroll of immolation {unknown}
Comestibles
 c - 8 rations


   Skills:
 + Level 6.2(5.9) Dodging
 - Level 2.1(1.9) Stealth
 - Level 2.0(1.7) Spellcasting
 * Level 8.1(7.8) Ice Magic


You had 3 spell levels left.
You knew the following spells:

 Your Spells              Type           Power        Failure   Level  Hunger
a - Freeze                Ice            ####         1%          1    #......
b - Frozen Ramparts       Ice            ####..       2%          3    ###....
c - Ozocubu's Armour      Chrm/Ice       ###.....     11%         3    ###....

Your spell library contained the following spells:

 Spells                   Type           Power        Failure   Level  Hunger
 Hailstorm                Conj/Ice       ###.....     36%         4    #####..
 Summon Ice Beast         Ice/Summ       ###.....     36%         4    #####..


Dungeon Overview and Level Annotations

Branches:
Dungeon (6/15)
 Temple: D:4-7

Altars:
Cheibriados
Dithmenos
Gozag
Kikubaaqudgha
Nemelex Xobeh
Okawaru
Xom

Shops:
D:4 %


Message History

As you read the scroll labeled OKHLUEVV DUJI, it crumbles to dust.
You feel as if something is helping you.
It was a scroll of remove curse.
The shadow completely resists.
The wall freezes the shadow but do no damage.
The shadow hits you.
* * * LOW HITPOINT WARNING * * *
It was a potion of invisibility.
You fade into invisibility!
The shadow completely resists.
The wall freezes the shadow but do no damage.
The shadow slips into darkness.
The shadow flickers and vanishes!
Deactivating autopickup; reactivate with Ctrl-A.
You are very lightly contaminated with residual magic.
It was a potion of haste.
You feel yourself speed up.
Cheibriados forgives your accidental hurry, just this once.
The wall freezes something but do no damage.
The shadow strikes at you from the darkness!
Ouch! That really hurt!
You die...

### ####
#.. #..#
#.{##..##
#@.##.#
#..##.#
#####.#
#.# .## #


There were no monsters in sight!

Vanquished Creatures
  Edmund (D:4)
  A bullfrog (D:4)
  A crimson imp (D:5)
  A centaur zombie (D:5)
  A bullfrog skeleton (D:4)
  An iguana (D:4)
  An orc wizard (D:3)
  Natasha (thrice) (D:2)
  A worker ant (D:4)
  A hound zombie (D:5)
  Robin (D:2)
  An adder (D:2)
  A shadow imp (D:5)
  An adder skeleton (D:4)
  5 dart slugs
  3 leopard geckos
  7 orcs
  A ball python (D:4)
  10 goblins
  10 hobgoblins
  3 jackals (D:3)
  3 quokkas
  A bat (D:3)
  A frilled lizard (D:1)
  A jackal skeleton (D:4)
  4 kobolds
  2 quokka skeletons
  A quokka zombie (D:5)
  2 rats
70 creatures vanquished.

Notes
Turn   | Place    | Note
-------+----------+-------------------------------------------
     0 | D:1      | Lanoc the Merfolk Ice Elementalist began the quest for the
                  | Orb.
     0 | D:1      | Reached XP level 1. HP: 13/13 MP: 3/3
   132 | D:1      | Reached XP level 2. HP: 9/19 MP: 0/5
   480 | D:1      | You fall into a shaft and drop 1 floor!
   782 | D:2      | Noticed Natasha
   793 | D:2      | Killed Natasha
   793 | D:2      | Reached skill level 5 in Ice Magic
   793 | D:2      | Reached XP level 3. HP: 4/24 MP: 0/6
   801 | D:2      | Learned a level 3 spell: Frozen Ramparts
  1078 | D:2      | Noticed Natasha
  1090 | D:2      | Killed Natasha
  1090 | D:2      | Reached XP level 4. HP: 28/30 MP: 3/7
  1135 | D:2      | Noticed Natasha
  1141 | D:2      | Killed Natasha
  1222 | D:2      | Reached skill level 6 in Ice Magic
  1299 | D:2      | Noticed Robin
  1312 | D:2      | Reached XP level 5. HP: 29/35 MP: 3/8
  1314 | D:2      | Killed Robin
  2402 | D:3      | Found a snail-covered altar of Cheibriados.
  2411 | D:3      | Became a worshipper of Cheibriados the Contemplative
  2916 | D:4      | Reached skill level 5 in Dodging
  2916 | D:4      | Reached skill level 7 in Ice Magic
  2916 | D:4      | Reached XP level 6. HP: 16/41 MP: 5/9
  2920 | D:4      | Found Iffoull's Food Shoppe.
  2941 | D:4      | HP: 2/41 [bullfrog skeleton (7)]
  2949 | D:4      | HP: 2/41 [bullfrog skeleton (5)]
  3233 | D:4      | Noticed Edmund
  3246 | D:4      | Killed Edmund
  3246 | D:4      | Reached XP level 7. HP: 13/46 MP: 7/10
  3576 | D:4      | Found an ancient bone altar of Kikubaaqudgha.
  3941 | D:4      | Learned a level 3 spell: Ozocubu's Armour
  3942 | D:5      | Entered Level 5 of the Dungeon
  4248 | D:5      | Found a sparkling altar of Nemelex Xobeh.
  4258 | D:5      | Found an opulent altar of Gozag.
  4261 | D:5      | Found a shimmering altar of Xom.
  4264 | D:5      | Found an iron altar of Okawaru.
  4301 | D:5      | Reached skill level 8 in Ice Magic
  4428 | D:5      | Found a shadowy altar of Dithmenos.
  4759 | D:5      | Reached * piety under Cheibriados
  4892 | D:6      | Noticed a shadow
  4902 | D:6      | Annihilated by a shadow

Illustrated notes

Levels and vault maps discovered:
D:1:      lightli_arrival_statuegarden, layout_basic
D:2:      layout_basic, uniq_natasha, uniq_robin
D:3:      layout_basic, cheibriados_altar_1, kennysheep_generic_room_4
D:4:      layout_loops_cross, overflow_temple_1_default, serial_shops, shop,
          uniq_edmund
D:5:      layout_basic, nicolae_dithmenos_shadow_blocks,
          grunt_temple_overflow_cloverleaf, first_ration
D:6:      minmay_chambers_of_fours, layout_rooms, vehumet_crystals,
          temple_pool_b, minmay_door_square, uniq_maggie

Skill      XL: |  1  2  3  4  5  6  7 |
---------------+----------------------+-----
Dodging        | 3 4 5 6 |  6.2
Ice Magic      | 5 6 7 8 |  8.1
Stealth        | |  2.1
Spellcasting   | |  2.0

Action                   |  1- 3 |  4- 6 |  7- 9 || total
-------------------------+-------+-------+-------++-------
Melee: Unarmed           |    18 |     1 |       ||    19
       Dagger            |    17 |    44 |       ||    61
       Spear             |       |    40 |    69 ||   109
 Cast: Freeze            |    18 |       |       ||    18
       Frozen Ramparts   |     2 |    19 |     6 ||    27
       Ozocubu's Armour  |       |       |     1 ||     1
  Use: Potion            |     2 |     5 |     2 ||     9
       Scroll            |       |       |     1 ||     1
 Stab: Sleeping          |       |       |     2 ||     2
  Eat: Chunk             |     1 |    10 |     3 ||    14
       Ration            |       |       |     1 ||     1
Armor: Robe              |     9 |    12 |     9 ||    30
Dodge: Dodged            |    31 |    73 |    49 ||   153
